 Dungeon Crawl Stone Soup version 0.28-a0-1143-gcf6077d4cc (webtiles) character file.

Game seed: 7767548200640071232

2 SensoryNuts the Skirmisher (level 1, -4/18 HPs)
             Began as a Demonspawn Fighter on Dec 13, 2021.
             Slain by a water moccasin skeleton (5 damage)
             ... on level 2 of the Dungeon.
             The game lasted 00:00:37 (44 turns).

SensoryNuts the Skirmisher (Demonspawn Fighter)       Turns: 44, Time: 00:00:37

Health: -4/18      AC:  6    Str: 16    XL:     1   Next: 33%
Magic:  1/1        EV:  9    Int:  9    God:
Gold:   0          SH:  4    Dex: 12    Spells: 0/0 levels left

rFire   . . .      SeeInvis .   a - +0 long sword
rCold   . . .      Faith    .   c - +0 buckler
rNeg    . . .      Spirit   .   b - +0 scale mail
rPois   .          Reflect  .   (no helmet)
rElec   .          Harm     .   (no cloak)
rCorr   .          Rampage  .   (no gloves)
Will    .....                   (no boots)
Stlth   ..........              (no amulet)
HPRegen 0.06/turn               (no ring)
MPRegen 0.07/turn               (no ring)

@: no status effects
A: no striking features
a: no special abilities


You were on level 2 of the Dungeon.
You visited 1 branch of the dungeon, and saw 2 of its levels.

Inventory:

Hand Weapons
 a - a +0 long sword (weapon)
Armour
 b - a +0 scale mail (worn)
 c - a +0 buckler (worn)
Potions
 d - a potion of might


   Skills:
 + Level 3.1 Fighting
 + Level 1.7 Long Blades
 + Level 2.7 Armour
 + Level 2.7 Shields


You couldn't memorise any spells.
You didn't know any spells.
Your spell library was empty.

Dungeon Overview and Level Annotations

Branches:
Dungeon (1/15)

Altars:


Message History

The shaft crumbles and collapses.
Found an escape hatch in the ceiling.
An endoplasm comes into view.
An endoplasm is nearby!
An endoplasm is nearby!
An endoplasm is nearby!
Found a stone staircase leading up.
A water moccasin skeleton comes into view.
Found a stone staircase leading up.
An endoplasm comes into view.
You block the endoplasm's attack.
The endoplasm quivers.
You slash the endoplasm!
You kill the endoplasm!
The endoplasm hits you but does no damage.
You slash the endoplasm!
You kill the endoplasm!
The water moccasin skeleton bites you.
You closely miss the water moccasin skeleton.
The water moccasin skeleton bites you.
You closely miss the water moccasin skeleton.
The water moccasin skeleton bites you but does no damage.
The water moccasin skeleton barely misses you.
You hit the water moccasin skeleton.
The water moccasin skeleton is lightly damaged.
The water moccasin skeleton bites you.
The water moccasin skeleton barely misses you.
You barely miss the water moccasin skeleton.
The water moccasin skeleton is lightly damaged.
The water moccasin skeleton bites you.
* * * LOW HITPOINT WARNING * * *
You hit the water moccasin skeleton.
The water moccasin skeleton is lightly damaged.
You block the water moccasin skeleton's attack.
The water moccasin skeleton bites you.
* * * LOW HITPOINT WARNING * * *
You hit the water moccasin skeleton.
The water moccasin skeleton is moderately damaged.
The water moccasin skeleton bites you.
You die...

.# #.. ... #.#
###.. #.####
<.<..##.##.
#.........####
.##...... ....###..
......#.###........
........Z@.........
.#########..#####
##.# #.###
#...##### ###.....#
########.....#
.............#
########....<#


You could see a water moccasin skeleton.

Vanquished Creatures
  2 endoplasms (D:2)
2 creatures vanquished.

Notes
Turn   | Place    | Note
-------+----------+-------------------------------------------
     0 | D:1      | SensoryNuts the Demonspawn Fighter began the quest for the
                  | Orb.
     0 | D:1      | Reached XP level 1. HP: 18/18 MP: 1/1
    18 | D:1      | You fall into a shaft and drop 1 floor!
    44 | D:2      | Slain by a water moccasin skeleton

Illustrated notes

Levels and vault maps discovered:
D:1:      minmay_arrival_stair_chambers, layout_rooms, hangedman_decor_push
D:2:      layout_rooms, serial_shops, nicolae_lakefront_shop

Action                   || total
-------------------------++-------
Melee: Long sword        ||     8
Armor: Scale mail        ||     2
Dodge: Dodged            ||     2
Block: Buckler           ||     2

Table legend: (Time is in decaauts)
 A = Elapsed time spent in this place.
 B = Non-inter-level travel time spent in this place.
 C = Inter-level travel time spent in this place.
 D = Time resting spent in this place.
 E = Time spent auto-exploring this place.
 F = Levels seen in this place.
 G = Mean time per level.
                   A        B        C        D        E       F      G
               +--------+--------+--------+--------+--------+-----+--------+
         Total |     46 |     46 |      0 |      0 |     29 |   2 |   23.0 |
       Dungeon |     46 |     46 |      0 |      0 |     29 |   2 |   23.0 |
               +--------+--------+--------+--------+--------+-----+--------+

Top non-repeatable levels by time:
     D:2: 28 daAuts
     D:1: 18 daAuts
